 Dungeon Crawl Stone Soup version 0.31-a0-986-g5e6e4ef867 (webtiles) character file.

Game seed: 5724717234122840953

34325 quinnr the Zephyrmancer (level 13, -4/80 HPs)
             Began as a Tengu Air Elementalist on Nov 17, 2023.
             Was a Priest of Vehumet.
             Slain by Snorg (10 damage)
             ... on level 4 of the Lair of Beasts.
             The game lasted 01:00:23 (27280 turns).

quinnr the Zephyrmancer (Tengu Air Elementalist)   Turns: 27280, Time: 01:00:23

Health: -4/80      AC:  5    Str:  9    XL:     13   Next: 76%
Magic:  1/23       EV: 24    Int: 19    God:    Vehumet [***...]
Gold:   1255       SH:  0    Dex: 16    Spells: 9/24 levels left

rFire   + . .        b - +4 dagger (drain)
rCold   . . .        (no shield)
rNeg    . . .        C - +1 robe {rF+}
rPois   .            (helmet restricted)
rElec   .            e - +0 cloak
rCorr   +            E - +0 pair of gloves
SInv    +            (boots unavailable)
Will    .....        (no amulet)
Stlth   +++          R - ring of resist corrosion
HPRegen 0.33/turn    v - ring of see invisible
MPRegen 0.18/turn

%: acrobat
@: flying
A: beak, talons 3, evasive flight, acrobatic
a: Renounce Religion


You were on level 4 of the Lair of Beasts.
You worshipped Vehumet.
Vehumet was most pleased with you.
You visited 3 branches of the dungeon, and saw 14 of its levels.
You also visited: Volcano.

You collected 1255 gold pieces.


Innate Abilities, Weirdness & Mutations

You have a beak for a mouth.
You have claws for feet.
Your magical flight helps you evade attacks. (EV +4)
You can magically evade attacks while moving or waiting.


   Skills:
 - Level 9.0 Fighting
 - Level 4.0 Short Blades
 - Level 5.0 Throwing
 - Level 14.0 Dodging
 - Level 5.0 Stealth
 - Level 6.0 Spellcasting
 - Level 5.0 Conjurations
 - Level 14.0 Air Magic
 + Level 5.0 Poison Magic
 - Level 8.0 Evocations


You had 9 spell levels left.
You knew the following spells:

 Your Spells              Type           Power      Damage    Failure   Level
a - Airstrike             Air            28%        2d(4-20)  1%          4
i - Swiftness             Air            56%        N/A       1%          3
o - Olgreb's Toxic Radia  Pois           25%        N/A       4%          4
s - Searing Ray           Conj           48%        2d6       1%          2
t - Static Discharge      Conj/Air       82%        3-7/arc   1%          2

Your spell library contained the following spells:

 Spells                   Type           Power      Damage    Failure   Level
 Magic Dart               Conj           96%        1d7       1%          1
 Shock                    Conj/Air       100%       1d9       1%          1
 Momentum Strike          Conj/Tloc      30%        3d8       1%          2
 Fulminant Prism          Conj/Hex       7%         3d7       11%         4
 Blink                    Tloc           10%        N/A       17%         2
 Lesser Beckoning         Tloc           10%        N/A       17%         2
 Sublimation of Blood     Necr           5%         N/A       17%         2
 Irradiate                Conj/Tmut      7%         3d14      28%         5
 Gell's Gravitas          Tloc           5%         N/A       32%         3
 Teleport Other           Tloc           5%         N/A       32%         3
 Petrify                  Tmut/Erth      5%         N/A       73%         4

Inventory:

Hand Weapons
 b - a +4 dagger of draining (weapon)
 d - a +1 dagger
 F - a +0 hand cannon of flaming
Missiles
 g - 7 javelins
 u - 5 throwing nets {=f}
 L - 4 silver javelins
Armour
 e - a +0 cloak (worn)
 y - a +2 robe of positive energy
 A - a +0 robe
 C - a +1 robe of fire resistance (worn)
 E - a +0 pair of gloves (worn)
 G - an orb of wrath
Magical Staves
 a - a staff of poison {!a}
 o - a staff of earth {!a}
 D - a staff of fire {!a}
Jewellery
 s - a +6 ring of strength
 v - a ring of see invisible (right hand)
 M - an amulet of guardian spirit
 R - a ring of resist corrosion (left hand)
 S - a +6 ring of strength
Wands
 z - a wand of polymorph (12)
 K - a wand of digging (13)
Scrolls
 i - a scroll of amnesia
 j - a scroll of vulnerability
 t - 2 scrolls of fog {unknown}
 x - 5 scrolls of immolation
 N - a scroll of poison {unknown}
 O - 2 scrolls of revelation
Potions
 c - 3 potions of lignification
 f - 3 potions of magic
 h - 8 potions of curing {@q1}
 k - 3 potions of attraction
 m - a potion of resistance {unknown}
 n - 3 potions of heal wounds {@q2}
 p - a potion of brilliance
 q - a potion of degeneration
 B - 3 potions of might
 H - a potion of haste {@q3}
 J - a potion of cancellation

Dungeon Overview and Level Annotations

Branches:
Dungeon (9/15)             Temple (1/1) D:6            Lair (4/5) D:8
  Swamp (0/4) Lair:3        Snake (0/4) Lair:3        Slime (0/5) Lair:4
Volcano (visited)
    Orc: D:9-12

Altars:
Ashenzari
Dithmenos
Fedhas
Gozag
Kikubaaqudgha
Makhleb
Nemelex Xobeh
Okawaru
Qazlal
Ru
Sif Muna
Trog
Uskayaw
Vehumet
Wu Jian
Xom
Yredelemnul
Zin
The Shining One
Jiyva
Lugonu

Shops:
D:6 [

Portals:
Abyss: D:7

Annotations:
D:8 exclusion: downstairs
D:9 Grum
Lair:4 Snorg

#......................
#.....<.......#...#
##.▓▓▓.▓.▓...........
#..▓ ▓.▓▓▓...........
##.▓▓▓+.▓▓.▓.........
##...▓▓.....▓▓........
#...▓▓......▓▓▓.......
###.▓▓▓.T....▓▓..#....
##.▓ ▓.@...▓▓▓.......
#..▓ ▓..▓..▓ ▓..## ##.▓
▓.▓▓▓.▓▓▓..####.#
#.▓▓▓.▓....▓.........
#.<..................
###.#...###.###P###.#
####P## ### ## ###


You could see Snorg (berserk, very poisoned, drained).


Message History

Confirm with . or Enter, or press ? or * to list all spells.
Okay, then.
Unknown command.
Casting: Airstrike (safe; 1% risk of failure)
Confirm with . or Enter, or press ? or * to list all spells.
Aiming: Searing Ray (safe; 1% risk of failure)
Press: ? - help, Shift-Dir - straight line, f/p - Snorg
Aim: Snorg (almost dead, berserk, very poisoned, 79% to hit)
The searing ray misses Snorg. (Press . to maintain the ray.) Snorg barely misses you.
Snorg completely misses you. Snorg claws you.
* * * LOW HITPOINT WARNING * * *
Unknown command.
Unknown command.
Snorg attacks as she pursues you! Snorg closely misses you. Snorg misses you.
Snorg closely misses you. Snorg completely misses you. x2
Snorg closely misses you.
You sense an unholy aura.
b - a +4 dagger of draining (weapon)
Snorg misses you. Snorg claws you!
* * * LOW HITPOINT WARNING * * *
Snorg closely misses you.
Unknown command.
Unknown command.
You hit Snorg. You drain Snorg. Your kick misses Snorg. Your peck misses Snorg.
Snorg is almost dead.
Snorg barely misses you. Snorg claws you.
* * * LOW HITPOINT WARNING * * *
Snorg claws you!
You die...

Skill      XL: |  1  2  3  4  5  6  7  8  9 10 11 12 13 |
---------------+----------------------------------------+-----
Air Magic      | 5 6 7 8 9 12 14 | 14.0
Dodging        | 3 4 5 6 8 11 14 | 14.0
Conjurations   | 2 3 5 |  5.0
Fighting       | 2 4 5 6 9 |  9.0
Evocations     | 1 4 6 8 |  8.0
Spellcasting   | 3 4 5 6 |  6.0
Stealth        | 3 5 |  5.0
Short Blades   | 3 4 |  4.0
Throwing       | 5 |  5.0
Poison Magic   | 5 |  5.0

Action                     |  1- 3 |  4- 6 |  7- 9 | 10-12 | 13-15 || total
---------------------------+-------+-------+-------+-------+-------++-------
  Melee: Dagger            |       |     4 |    15 |   101 |     1 ||   121
         Peck              |       |     1 |     4 |    29 |     1 ||    35
         Kick              |       |     1 |    13 |    54 |     1 ||    69
         Staff             |       |       |     2 |    19 |     5 ||    26
         Punch             |       |       |       |     3 |       ||     3
   Fire: Hand cannon       |       |       |       |       |    11 ||    11
   Cast: Shock             |    80 |   141 |    53 |   110 |       ||   384
         Searing Ray       |       |     1 |       |    10 |     3 ||    14
         Airstrike         |       |     1 |    78 |   253 |   121 ||   453
         Static Discharge  |       |       |     3 |     7 |    27 ||    37
         Swiftness         |       |       |     2 |    11 |     6 ||    19
         Olgreb's Toxic Ra |       |       |       |       |    10 ||    10
  Evoke: Wand              |       |       |    16 |    12 |    10 ||    38
    Use: Scroll            |     1 |     1 |     3 |    12 |     6 ||    23
         Potion            |       |       |       |     1 |     4 ||     5
 Armour: Robe              |     4 |    19 |    26 |   114 |   100 ||   263
         Skin              |       |       |     1 |       |   109 ||   110
  Dodge: Dodged            |    11 |    51 |    64 |   304 |   208 ||   638

Levels and vault maps discovered:
D:1:      tarquinn_simple_flora_water_c, layout_loops_cross, minmay_tetromino_o4
D:2:      layout_loops_ring, skrybe_limestone_x, minmay_distorted, uniq_terence
D:3:      layout_rooms, nicolae_uskayaw_en_pointe,
          mainiacjoe_overflow_boulevard, shapermc_ecumenical_altar_notcrosses
D:4:      layout_basic, st_stairs_1, nicolae_houndstooth_variations
D:5:      layout_loops_corners, mainiacjoe_overflow_alcove_2,
          grunt_temple_overflow_diamond, serial_demonic, serial_demonic_e,
          serial_demonic_b, serial_demonic_c, serial_demonic_g, uniq_sigmund,
          uniq_duvessa
D:6:      layout_gridville, minmay_temple_entry_overgrown, serial_shops, shop,
          grunt_ministairs_10, uniq_menkaure, uniq_crazy_yiuf_cottage
D:7:      layout_basic, demons_altar, general_overflow_altar,
          amcnicky_altar_lugonu_corruption, uniq_pikel, uniq_maggie
D:8:      hangedman_cross_stitches, layout_gridville,
          mainiacjoe_overflow_concentric_impassable,
          nemelex_xobeh_ov_fountains_minmay, grunt_lair_entry_orc_guard_hut
D:9:      cheibrodos_elevator_heist, layout_irregular_city, evilmike_butchery,
          uniq_erica, uniq_grum, uniq_erolcha
Temple:   hellmonk_temple_beads
Lair:1:   cheibrodos_lair_river_kwai, layout_cave_pods, beast_lair_carwin_2,
          lemuel_fruit_tree, serial_bayou_shore_a, uniq_prince_ribbit2,
          uniq_urug, uniq_amaemon
Lair:2:   layout_roguey, grunt_megastairs_4
Lair:3:   layout_chaotic_city, nicolae_swamp_entry_splash_gauntlet,
          nicolae_snake_entry_warm_welcome, nicolae_volcano_entry_two_sided,
          nicolae_lair_liquid_snakes
Lair:4:   gammafunk_boulding_lane, layout_regular_city,
          nicolae_slime_entry_slimehenge, st_stairs_4, beast_lair_carwin_9,
          uniq_snorg

Notes
Turn   | Place    | Note
-------+----------+-------------------------------------------
     0 | D:1      | quinnr the Tengu Air Elementalist began the quest for the
                  | Orb.
     0 | D:1      | Reached XP level 1. HP: 10/10 MP: 4/4
   359 | D:1      | Reached XP level 2. HP: 15/15 MP: 3/6
   870 | D:1      | Reached skill level 5 in Air Magic
   921 | D:1      | Reached XP level 3. HP: 19/19 MP: 3/7
  1313 | D:1      | Reached skill level 3 in Dodging
  1510 | D:2      | Learned a level 2 spell: Searing Ray
  1748 | D:2      | Reached XP level 4. HP: 24/24 MP: 0/8
  2119 | D:2      | Reached skill level 2 in Conjurations
  2187 | D:2      | Noticed Terence
  2214 | D:2      | Killed Terence
  2215 | D:2      | Reached skill level 6 in Air Magic
  2313 | D:2      | Learned a level 4 spell: Airstrike
  2694 | D:3      | Found a sacrificial altar of Ru.
  2741 | D:3      | Reached XP level 5. HP: 28/28 MP: 7/9
  3024 | D:3      | Noticed a +0 spear
  3024 | D:3      | Noticed a +0 dagger
  3026 | D:3      | Noticed a +0 short sword
  3026 | D:3      | Noticed a +0 falchion
  3026 | D:3      | Noticed a +0 dagger
  3028 | D:3      | Noticed a +0 falchion
  3028 | D:3      | Noticed a +0 short sword
  3031 | D:3      | Noticed a +0 spear
  3052 | D:3      | Found a hide-covered altar of Uskayaw.
  3135 | D:3      | Reached skill level 3 in Conjurations
  3198 | D:3      | Found a faded altar of an unknown god.
  3359 | D:3      | Noticed an ice beast
  3375 | D:3      | Reached skill level 7 in Air Magic
  3375 | D:3      | Reached XP level 6. HP: 32/32 MP: 7/10
  3792 | D:4      | Reached skill level 4 in Dodging
  4107 | D:5      | Entered Level 5 of the Dungeon
  4797 | D:5      | Reached skill level 8 in Air Magic
  4797 | D:5      | Gained mutation: Your magical flight helps you evade
                  | attacks. (EV +4) [Tengu growth]
  4797 | D:5      | Reached XP level 7. HP: 36/36 MP: 6/11
  5253 | D:5      | Reached skill level 5 in Dodging
  5357 | D:5      | Found a glowing golden altar of the Shining One.
  5359 | D:5      | Found an ancient bone altar of Kikubaaqudgha.
  5359 | D:5      | Found a radiant altar of Vehumet.
  5417 | D:5      | Reached skill level 9 in Air Magic
  5627 | D:5      | Noticed Sigmund
  5635 | D:5      | Killed Sigmund
  5636 | D:5      | Reached skill level 1 in Fighting
  5636 | D:5      | Reached skill level 1 in Evocations
  5884 | D:5      | Noticed Duvessa
  5894 | D:5      | Noticed Dowan
  5907 | D:5      | Killed Dowan
  5908 | D:5      | Reached skill level 2 in Fighting
  5908 | D:5      | Reached XP level 8. HP: 40/44 MP: 11/13
  6035 | D:5      | Killed Duvessa
  6036 | D:5      | Reached skill level 3 in Spellcasting
  6036 | D:5      | Reached skill level 2 in Evocations
  6486 | D:5      | Found a glowing silver altar of Zin.
  6670 | D:3      | Reached skill level 3 in Fighting
  6670 | D:3      | Reached skill level 3 in Evocations
  7463 | D:6      | Reached skill level 4 in Fighting
  7463 | D:6      | Reached skill level 4 in Evocations
  7683 | D:6      | Learned a level 2 spell: Static Discharge
  7697 | D:6      | Found Ikeficw's Armour Emporium.
  7989 | D:6      | Reached skill level 3 in Stealth
  7994 | D:6      | Noticed Menkaure
  7996 | D:6      | Killed Menkaure
  7997 | D:6      | Reached XP level 9. HP: 52/52 MP: 2/15
  8227 | D:6      | Found a staircase to the Ecumenical Temple.
  8239 | Temple   | Entered the Ecumenical Temple
  8244 | Temple   | Reached skill level 6 in Dodging
  8411 | D:5      | Became a worshipper of Vehumet
  8823 | D:6      | Found a runed translucent door.
  8824 | D:6      | Noticed Crazy Yiuf
  8831 | D:6      | Learned a level 3 spell: Swiftness
  8842 | D:6      | Killed Crazy Yiuf
  8843 | D:6      | Reached skill level 4 in Stealth
  8843 | D:6      | Reached skill level 4 in Spellcasting
  9150 | D:7      | Reached skill level 5 in Stealth
  9562 | D:7      | Reached skill level 10 in Air Magic
  9659 | D:7      | Noticed a hornet
  9661 | D:7      | Killed a hornet
  9724 | D:7      | Found a corrupted altar of Lugonu.
  9734 | D:7      | Found a one-way gate to the infinite horrors of the Abyss.
  9742 | D:7      | Noticed Maggie
  9751 | D:7      | HP: 4/52 [Maggie/+0 halberd of flaming (2)]
  9754 | D:7      | Killed Maggie
  9755 | D:7      | Reached skill level 11 in Air Magic
 10041 | D:7      | Noticed Pikel
 10044 | D:7      | Killed Pikel
 10045 | D:7      | Reached skill level 12 in Air Magic
 10045 | D:7      | Reached skill level 5 in Fighting
 10045 | D:7      | Reached XP level 10. HP: 59/59 MP: 4/17
 10242 | D:7      | Found a blossoming altar of Fedhas.
 11206 | D:7      | Reached skill level 6 in Fighting
 11206 | D:7      | Reached skill level 7 in Dodging
 11707 | D:7      | Found a burning altar of Makhleb.
 11959 | D:7      | Found a corrupted altar of Lugonu.
 11962 | D:7      | Found a one-way gate to the infinite horrors of the Abyss.
 12272 | D:7      | Found a blossoming altar of Fedhas.
 12313 | D:7      | Found a burning altar of Makhleb.
 12764 | D:8      | Noticed an elephant
 12797 | D:8      | Found a staircase to the Lair.
 12936 | D:8      | Reached * piety under Vehumet
 12936 | D:8      | Offered knowledge of Freeze by Vehumet.
 13252 | D:8      | Reached skill level 8 in Dodging
 13438 | D:8      | Reached skill level 4 in Conjurations
 13442 | D:8      | Reached skill level 5 in Conjurations
 13999 | D:8      | Found a sparkling altar of Nemelex Xobeh.
 14077 | D:7      | Reached skill level 5 in Evocations
 14309 | D:8      | Killed an unseen horror
 14426 | D:8      | Found a basalt altar of Yredelemnul.
 14781 | D:8      | Killed an elephant
 14782 | D:8      | Reached skill level 6 in Evocations
 14782 | D:8      | Reached skill level 1 in Short Blades
 15028 | D:8      | Reached skill level 2 in Short Blades
 15407 | D:9      | Noticed Erica
 15415 | D:9      | Killed Erica
 15416 | D:9      | Reached skill level 3 in Short Blades
 15416 | D:9      | Reached skill level 5 in Spellcasting
 15416 | D:9      | Reached XP level 11. HP: 64/64 MP: 1/19
 15665 | D:9      | Noticed Grum
 15665 | D:9      | Noticed a two-headed ogre
 15704 | Lair:1   | Entered Level 1 of the Lair of Beasts
 15868 | Lair:1   | Noticed Urug
 15901 | Lair:1   | Reached skill level 4 in Short Blades
 16001 | Lair:1   | Noticed a seven-headed hydra
 16016 | Lair:1   | Killed a seven-headed hydra
 16017 | Lair:1   | Reached skill level 6 in Spellcasting
 16290 | Lair:1   | Reached skill level 13 in Air Magic
 16976 | Lair:1   | Reached skill level 14 in Air Magic
 17102 | Lair:1   | Found the +7 Kryia's mail coat {PotionHeal*2 rC+}
 17150 | Lair:1   | Noticed Amaemon
 17214 | Lair:1   | Killed Amaemon
 17346 | Lair:1   | Reached skill level 9 in Dodging
 17647 | Lair:1   | Reached skill level 10 in Dodging
 17666 | Lair:1   | Reached ** piety under Vehumet
 17666 | Lair:1   | Offered knowledge of Kiss of Death by Vehumet.
 18445 | Lair:1   | Killed Urug
 18446 | Lair:1   | Reached skill level 11 in Dodging
 18446 | Lair:1   | Reached XP level 12. HP: 45/70 MP: 6/22
 18646 | Lair:2   | Noticed a five-headed hydra
 18650 | Lair:2   | Killed a five-headed hydra
 18650 | Lair:2   | Noticed a skyshark
 18651 | Lair:2   | Reached skill level 1 in Throwing
 18879 | Lair:2   | Reached skill level 2 in Throwing
 19352 | Lair:2   | HP: 5/70 [yak (14)]
 19576 | Lair:1   | Reached skill level 3 in Throwing
 19829 | Lair:2   | Killed a skyshark
 19830 | Lair:2   | Reached skill level 7 in Evocations
 20086 | Lair:2   | Reached skill level 4 in Throwing
 21200 | Lair:2   | Reached skill level 5 in Throwing
 21200 | Lair:2   | Reached skill level 8 in Evocations
 21372 | Lair:3   | Noticed a five-headed hydra
 21410 | Lair:3   | Offered knowledge of Poisonous Vapours by Vehumet.
 21556 | Lair:3   | Reached skill level 7 in Fighting
 21807 | Lair:3   | Found a dark tunnel.
 21816 | Volcano  | Entered a volcano
 21884 | Volcano  | Noticed a two-headed ogre
 21889 | Volcano  | Killed a two-headed ogre
 21997 | Volcano  | Noticed a two-headed ogre
 21997 | Volcano  | Noticed a red draconian
 22011 | Volcano  | Killed a two-headed ogre
 22012 | Volcano  | Reached skill level 8 in Fighting
 22022 | Volcano  | Noticed a two-headed ogre
 22028 | Volcano  | Noticed a two-headed ogre
 22029 | Volcano  | Noticed an ogre mage
 22042 | Volcano  | Killed a red draconian
 22070 | Volcano  | Killed a two-headed ogre
 22071 | Volcano  | Reached skill level 9 in Fighting
 22183 | Volcano  | Noticed a two-headed ogre
 22213 | Volcano  | Killed a two-headed ogre
 22214 | Volcano  | Reached XP level 13. HP: 66/80 MP: 3/23
 22665 | Lair:3   | Reached skill level 12 in Dodging
 22786 | Lair:2   | Reached *** piety under Vehumet
 23763 | Lair:3   | Found a staircase to the Snake Pit.
 23768 | Lair:3   | Reached skill level 13 in Dodging
 24678 | Lair:3   | Found a staircase to the Swamp.
 24894 | Lair:4   | Offered knowledge of Olgreb's Toxic Radiance by Vehumet.
 24905 | Lair:3   | Learned a level 4 spell: Olgreb's Toxic Radiance
 25065 | Lair:4   | HP: 8/80 [catoblepas (33)]
 25066 | Lair:4   | HP: 1/80 [catoblepas/blast of calcifying dust (7)]
 25653 | Lair:4   | Reached skill level 1 in Poison Magic
 26006 | Lair:3   | Reached skill level 2 in Poison Magic
 26651 | Lair:4   | Found a staircase to the Slime Pits.
 26682 | Lair:4   | Found a viscous altar of Jiyva.
 26719 | Lair:4   | Reached skill level 3 in Poison Magic
 26954 | Lair:4   | Reached skill level 14 in Dodging
 26956 | Lair:4   | Reached skill level 4 in Poison Magic
 26966 | Lair:3   | Reached **** piety under Vehumet
 26967 | Lair:3   | Reached skill level 5 in Poison Magic
 27258 | Lair:4   | Noticed Snorg
 27280 | Lair:4   | HP: 6/80 [Snorg (5)]
 27280 | Lair:4   | Slain by Snorg

Vanquished Creatures
  A red draconian (Volcano)
  3 hydras
  An ogre mage (Volcano)
  Erica (D:9)
  5 two-headed ogres (Volcano)
  Urug (Lair:1)
  2 skysharks
  Amaemon (Lair:1)
  A bog body (Lair:3)
  Pikel (D:7)
  A salamander (Lair:3)
  2 elephants
  A black mamba (Lair:1)
  An orange demon (Lair:1)
  Maggie (D:7)
  An unseen horror (D:8)
  3 rime drakes
  3 komodo dragons
  3 cane toads
  A polar bear (Lair:2)
  A hornet (D:7)
  16 blink frogs
  7 dream sheep
  Sigmund (D:5)
  40 yaks
  4 wyverns
  A fire elemental (Lair:3)
  A basilisk (Lair:2)
  3 steam dragons (D:7)
  2 swamp worms (Lair:3)
  Menkaure (D:6)
  11 water moccasins
  Duvessa (D:5)
  An orc warrior (D:8)
  2 sky beasts
  2 black bears
  3 ice beasts
  An ogre (D:6)
  2 centaurs (D:8)
  2 phantoms
  2 kobold brigands (D:8)
  12 bullfrogs
  2 gnoll sergeants
  4 scorpions
  4 wights (D:7)
  Dowan (D:5)
  4 jellies
  6 electric eels
  A howler monkey (D:7)
  9 lava snakes (Lair:3)
  2 quasits (D:5)
  Crazy Yiuf (D:6)
  6 orc priests
  2 hounds (Temple)
  3 iron imps (D:7)
  2 gnoll boudas
  A sleepcap (D:5)
  6 iguanas
  Terence (D:2)
  8 orc wizards
  27 gnolls
  6 adders
  2 shadow imps
  A white imp (D:7)
  7 ufetubi
  3 worms (D:2)
  2 dart slugs
  32 orcs
  7 ball pythons
  4 bats
  14 endoplasms
  5 giant cockroaches
  9 goblins
  11 hobgoblins
  6 quokkas
  4 frilled lizards
  3 kobolds (D:2)
  8 rats
  A lurking horror (D:7)
365 creatures vanquished.

Vanquished Creatures (collateral kills)
  A hydra (Lair:3)
  A skyshark (Lair:4)
  An elephant (Lair:4)
  A cane toad (Lair:4)
  A blink frog (Lair:4)
  2 yaks (Lair:4)
7 creatures vanquished.

Vanquished Creatures (others)
  A hydra (Lair:3)
  2 yaks (Lair:4)
  A water moccasin (Lair:4)
  2 orcs (D:7)
6 creatures vanquished.

Grand Total: 378 creatures vanquished

Table legend: (Time is in decaauts)
 A = Elapsed time spent in this place.
 B = Non-inter-level travel time spent in this place.
 C = Inter-level travel time spent in this place.
 D = Time resting spent in this place.
 E = Time spent auto-exploring this place.
 F = Levels seen in this place.
 G = Mean time per level.
                   A        B        C        D        E       F      G
               +--------+--------+--------+--------+--------+-----+--------+
         Total |  27322 |  25494 |   1828 |   6215 |  15264 |  15 | 1821.5 |
       Dungeon |  15765 |  14483 |   1282 |   2112 |  10168 |   9 | 1751.7 |
        Temple |     45 |     43 |      2 |      0 |     39 |   1 |   45.0 |
          Lair |  10688 |  10145 |    543 |   3929 |   4659 |   4 | 2672.0 |
       Volcano |    822 |    822 |      0 |    174 |    398 |   1 |  822.0 |
               +--------+--------+--------+--------+--------+-----+--------+

Top non-repeatable levels by time:
  Lair:3: 3760 daAuts
  Lair:1: 3598 daAuts
     D:7: 3556 daAuts
  Lair:2: 2818 daAuts
     D:5: 2433 daAuts
     D:8: 2278 daAuts
     D:6: 2033 daAuts
     D:1: 1483 daAuts
     D:2: 1366 daAuts
     D:3: 1103 daAuts
     D:4: 1048 daAuts
 Volcano: 822 daAuts
  Lair:4: 510 daAuts
     D:9: 461 daAuts
  Temple: 45 daAuts

Table legend:
 A = Non-vault XP
 B = Vault XP
 C = Vault XP percentage of total XP
 D = Non-vault monster count
 E = Vault monster count
 F = Vault count percentage of total count
                 A         B        C        D         E       F
            +---------+---------+-------+---------+---------+-------
      Total |   28673 |   20364 |  41.5 |     278 |      96 |  25.7
            +---------+---------+-------+---------+---------+-------
        D:1 |      56 |       3 |   5.1 |      24 |       2 |   7.7
        D:2 |      45 |      57 |  55.9 |      23 |       5 |  17.9
        D:3 |     291 |       0 |   0.0 |      22 |       0 |   0.0
        D:4 |     220 |       4 |   1.8 |      16 |       2 |  11.1
        D:5 |     421 |     534 |  55.9 |      21 |      10 |  32.3
        D:6 |     558 |     285 |  33.8 |      17 |       6 |  26.1
        D:7 |    2024 |    1272 |  38.6 |      32 |       6 |  15.8
        D:8 |     655 |    2170 |  76.8 |      16 |      14 |  46.7
        D:9 |      50 |     850 |  94.4 |       4 |       1 |  20.0
     Temple |      83 |       0 |   0.0 |       2 |       0 |   0.0
     Lair:1 |    5658 |    4359 |  43.5 |      27 |      11 |  28.9
     Lair:2 |    7277 |     771 |   9.6 |      30 |       1 |   3.2
     Lair:3 |    6256 |    3343 |  34.8 |      27 |      23 |  46.0
     Lair:4 |    5079 |     988 |  16.3 |      17 |       8 |  32.0
    Volcano |       0 |    5728 | 100.0 |       0 |       7 | 100.0
            +---------+---------+-------+---------+---------+-------

Levels and vault maps discovered:
D:1:      tarquinn_simple_flora_water_c, layout_loops_cross, minmay_tetromino_o4
D:2:      layout_loops_ring, skrybe_limestone_x, minmay_distorted, uniq_terence
D:3:      layout_rooms, nicolae_uskayaw_en_pointe,
          mainiacjoe_overflow_boulevard, shapermc_ecumenical_altar_notcrosses
D:4:      layout_basic, st_stairs_1, nicolae_houndstooth_variations
D:5:      layout_loops_corners, mainiacjoe_overflow_alcove_2,
          grunt_temple_overflow_diamond, serial_demonic, serial_demonic_e,
          serial_demonic_b, serial_demonic_c, serial_demonic_g, uniq_sigmund,
          uniq_duvessa
D:6:      layout_gridville, minmay_temple_entry_overgrown, serial_shops, shop,
          grunt_ministairs_10, uniq_menkaure, uniq_crazy_yiuf_cottage
D:7:      layout_basic, demons_altar, general_overflow_altar,
          amcnicky_altar_lugonu_corruption, uniq_pikel, uniq_maggie
D:8:      hangedman_cross_stitches, layout_gridville,
          mainiacjoe_overflow_concentric_impassable,
          nemelex_xobeh_ov_fountains_minmay, grunt_lair_entry_orc_guard_hut
D:9:      cheibrodos_elevator_heist, layout_irregular_city, evilmike_butchery,
          uniq_erica, uniq_grum, uniq_erolcha
Temple:   hellmonk_temple_beads
Lair:1:   cheibrodos_lair_river_kwai, layout_cave_pods, beast_lair_carwin_2,
          lemuel_fruit_tree, serial_bayou_shore_a, uniq_prince_ribbit2,
          uniq_urug, uniq_amaemon
Lair:2:   layout_roguey, grunt_megastairs_4
Lair:3:   layout_chaotic_city, nicolae_swamp_entry_splash_gauntlet,
          nicolae_snake_entry_warm_welcome, nicolae_volcano_entry_two_sided,
          nicolae_lair_liquid_snakes
Lair:4:   gammafunk_boulding_lane, layout_regular_city,
          nicolae_slime_entry_slimehenge, st_stairs_4, beast_lair_carwin_9,
          uniq_snorg
